 Dungeon Sprint DCSS version 0.30-a0-613-gdd512c7efb (webtiles) character file.

Game seed: 8895234191016361615

5352 NinjaNoafa the Severer (level 10, -12/91 (97) HPs)
             Began as a Hill Orc Fighter on Jan 8, 2023.
             Was a Priest of Nemelex Xobeh.
             Killed from afar by an eidolon (34 damage)
             ... with a bolt of negative energy
             ... in the Dungeon (Sprint VII: "The Pits").
             The game lasted 00:06:26 (1299 turns).

NinjaNoafa the Severer (Hill Orc Fighter)           Turns: 1299, Time: 00:06:26

HP:   -12/91 (97)   AC: 24    Str: 27    XL:     10   Next: 65%
MP:   22/22         EV:  9    Int:  8    God:    Nemelex Xobeh [***...]
Gold: 0             SH:  5    Dex: 10    Spells: 9/9 levels left

rFire   . . .      SeeInvis .    p - +2 war axe (heavy)
rCold   . . .      Faith    .    c - +0 buckler
rNeg    . . .      Spirit   .    r - +3 plate armour
rPois   .          Reflect  .    q - +0 helmet
rElec   .          Harm     .    (no cloak)
rCorr   .          Rampage  .    o - +0 pair of gloves
Will    .....      NoTele   +    (no boots) Stlth
                                 (no amulet)
HPRegen 0.35/turn                b - +3 ring of protection
MPRegen 0.18/turn                m - +3 ring of strength

@: drained
A: no striking features
a: Renounce Religion, Draw Escape, Draw Destruction, Draw Summoning, Triple Draw


You were in the Dungeon.
You worshipped Nemelex Xobeh.
Nemelex Xobeh was most pleased with you.
You visited 1 branch

Inventory:

Hand Weapons
 p - a +2 heavy war axe (weapon)
Armour
 c - a +0 buckler (worn)
 o - a +0 pair of gloves (worn)
 q - a +0 helmet (worn)
 r - a +3 plate armour (worn)
Jewellery
 b - a +3 ring of protection (left hand)
 m - a +3 ring of strength (right hand)
Scrolls
 j - a scroll of blinking
 l - 5 scrolls of amnesia
 n - 2 scrolls of vulnerability
Potions
 a - a potion of mutation
 d - 2 potions of might
 e - 6 potions of curing
 f - 16 potions of heal wounds
 g - a potion of haste
 h - 4 potions of magic
 i - 3 potions of berserk rage
 k - 2 potions of invisibility


   Skills:
 - Level 12.0 Fighting
 - Level 16.0 Axes
 - Level 12.0 Armour
 + Level 7.5 Dodging
 - Level 8.0 Shields
 - Level 16.0 Invocations


You had 9 spell levels left.
You didn't know any spells.
Your spell library was empty.

Dungeon Overview and Level Annotations

Branches:
Dungeon (1/1)

Altars:
Ashenzari
Cheibriados
Dithmenos
Elyvilon
Fedhas
Gozag
Hepliaklqana
Kikubaaqudgha
Makhleb
Nemelex Xobeh
Okawaru
Qazlal
Ru
Sif Muna
Trog
Uskayaw
Vehumet
Wu Jian
Xom
Yredelemnul
Zin
The Shining One
Beogh
Jiyva
Lugonu


Message History

* * * LOW HITPOINT WARNING * * *
Things that are here:
a +0 hand axe; a +0 chain mail; a wolf corpse You slice the earth elemental!!
You destroy the earth elemental!
A killer bee comes into view.
Your centaur warrior wields a +0 shortbow.
Your centaur warrior shoots an arrow.
The arrow closely misses the killer bee.
Your centaur warrior looks more healthy.
A killer bee comes into view.
Your centaur warrior unwields a +0 shortbow.
Your centaur warrior hits the killer bee.
Your centaur warrior completely misses the killer bee.
The killer bee closely misses your centaur warrior.
Your centaur warrior hits the killer bee.
Your centaur warrior barely misses the killer bee.
The killer bee moves out of view.
The killer bee stings your centaur warrior.
Your centaur warrior barely misses the killer bee.
Your centaur warrior kicks the killer bee.
Your centaur warrior closely misses the killer bee. x2
Your centaur warrior hits the killer bee!
The killer bee dies!
You swap places.
Your centaur warrior wields a +0 shortbow.
Your centaur warrior shoots an arrow.
The arrow barely misses the killer bee.
Your centaur warrior misses the killer bee.
Your centaur warrior kicks the killer bee.
An eidolon comes into view.
You swap places.
The killer bee barely misses you. The killer bee closely misses you.
The eidolon stares piercingly at you.
The bolt of negative energy hits your centaur warrior!!
Your centaur warrior is drained!
Your centaur warrior dies!
Your centaur warrior's corpse disappears in a puff of smoke!
The bolt of negative energy hits you!!
You feel drained.
You die...
Your body disappears without a glow.

#.......##†)#########
#.......##..........#
#.......##..........+
#...<...##..#####...#####
#.......##..')..#........
#.......##..#)..#.W......
#.......##..#...#†#####
##########..#####§)...#
##########......@)#†..+
...#..[.##......cy#.†.#
...#..[.###+###...#...#
)..'..))# .'...#.###
...#..))# ..#.........
...#..))# ...#.........
######### ## ##########


You could see an eidolon, a killer bee (ally target) and a friendly centaur
warrior (summoned).

Vanquished Creatures
  A boulder beetle (D)
  A two-headed ogre (D)
  An orc sorcerer (D)
  An orange demon (D)
  A freezing wraith (D)
  Sigmund (D)
  A yak (D)
  A vampire mosquito (D)
  2 redbacks (D)
  Duvessa (D)
  2 orc warriors (D)
  An ice beast (D)
  8 wolves (D)
  A phantom (D)
  An earth elemental (D)
  3 wights (D)
  2 killer bees (D)
  A gnoll bouda (D)
  An orc priest (D)
  An iguana (D)
  2 orc wizards (D)
  2 mummies (D)
  5 gnolls (D)
  An adder (D)
  An adder skeleton (D)
  A worm (D)
  7 orcs (D)
  A bat (D)
  An endoplasm (D)
  2 jackals (D)
  2 ball python skeletons (D)
  A bat simulacrum (D)
  A frilled lizard (D)
  A kobold (D)
60 creatures vanquished.

Vanquished Creatures (collateral kills)
  A smoke demon (D)
  2 yaks (D)
  A black bear (D)
  A phantom (D)
  A wight (D)
  2 killer bees (D)
  A jelly (D)
  An iguana (D)
  An orc (D)
11 creatures vanquished.

Grand Total: 71 creatures vanquished

Notes
Turn   | Place    | Note
-------+----------+-------------------------------------------
     0 | D        | NinjaNoafa the Hill Orc Fighter began the quest for the
                  | Orb.
     0 | D        | Reached XP level 1. HP: 19/19 MP: 1/1
    18 | D        | Found a bloodstained altar of Trog.
    18 | D        | Found a shimmering blue altar of Sif Muna.
    18 | D        | Found a viscous altar of Jiyva.
    18 | D        | Found a hazy altar of Hepliaklqana.
    18 | D        | Found an opulent altar of Gozag.
    48 | D        | Found a glowing golden altar of the Shining One.
    48 | D        | Found a glowing silver altar of Zin.
    48 | D        | Found a basalt altar of Yredelemnul.
    48 | D        | Found a shimmering altar of Xom.
    48 | D        | Found an ornate altar of the Wu Jian Council.
    48 | D        | Found a sacrificial altar of Ru.
    48 | D        | Found a stormy altar of Qazlal.
    48 | D        | Found an iron altar of Okawaru.
    48 | D        | Found a sparkling altar of Nemelex Xobeh.
    48 | D        | Found a burning altar of Makhleb.
    48 | D        | Found a blossoming altar of Fedhas.
    48 | D        | Found a white marble altar of Elyvilon.
    48 | D        | Found a shadowy altar of Dithmenos.
    48 | D        | Found a snail-covered altar of Cheibriados.
    49 | D        | Found a radiant altar of Vehumet.
    49 | D        | Found a corrupted altar of Lugonu.
    49 | D        | Found a roughly hewn altar of Beogh.
    50 | D        | Found a hide-covered altar of Uskayaw.
    50 | D        | Found an ancient bone altar of Kikubaaqudgha.
    50 | D        | Found a broken altar of Ashenzari.
    57 | D        | Became a worshipper of Nemelex Xobeh the Trickster
    72 | D        | Reached skill level 1 in Dodging
    72 | D        | Reached XP level 2. HP: 22/27 MP: 2/2
   102 | D        | Reached XP level 3. HP: 34/34 MP: 3/3
   105 | D        | Reached skill level 5 in Fighting
   112 | D        | Reached skill level 5 in Axes
   116 | D        | Reached skill level 5 in Armour
   116 | D        | Reached skill level 5 in Shields
   116 | D        | Reached XP level 4. HP: 33/44 MP: 4/4
   121 | D        | Reached * piety under Nemelex Xobeh
   212 | D        | Noticed an ice beast
   212 | D        | Noticed a phantom
   223 | D        | Reached skill level 1 in Invocations
   224 | D        | Killed a phantom
   225 | D        | Reached XP level 5. HP: 51/51 MP: 4/7
   226 | D        | Reached XP level 6. HP: 60/60 MP: 4/9
   239 | D        | Reached skill level 5 in Invocations
   240 | D        | Received a gift from Nemelex Xobeh
   246 | D        | Killed an ice beast
   247 | D        | Reached XP level 7. HP: 40/69 MP: 6/12
   381 | D        | Noticed Duvessa
   426 | D        | Killed Duvessa
   542 | D        | Noticed a vampire mosquito
   559 | D        | Killed a vampire mosquito
   560 | D        | Reached skill level 10 in Axes
   673 | D        | Noticed Sigmund
   673 | D        | Noticed a two-headed ogre
   673 | D        | Noticed a redback
   686 | D        | Killed a redback
   687 | D        | Reached skill level 10 in Fighting
   687 | D        | Reached XP level 8. HP: 24/79 MP: 14/14
   687 | D        | Killed a two-headed ogre
   688 | D        | Reached skill level 10 in Armour
   688 | D        | Reached skill level 10 in Invocations
   692 | D        | Killed Sigmund
   765 | D        | Reached XP level 9. HP: 39/85 MP: 16/16
  1022 | D        | Reached ** piety under Nemelex Xobeh
  1029 | D        | Received a gift from Nemelex Xobeh
  1030 | D        | Noticed an orc sorcerer
  1034 | D        | Reached skill level 15 in Axes
  1034 | D        | Noticed an orange demon
  1039 | D        | Killed an orc sorcerer
  1073 | D        | Noticed a freezing wraith
  1086 | D        | Killed a freezing wraith
  1212 | D        | Received a gift from Nemelex Xobeh
  1215 | D        | Reached *** piety under Nemelex Xobeh
  1229 | D        | Reached XP level 10. HP: 84/97 MP: 17/19
  1236 | D        | Received a gift from Nemelex Xobeh
  1236 | D        | Noticed a boulder beetle
  1237 | D        | Noticed an orange demon
  1246 | D        | Killed a boulder beetle
  1247 | D        | Reached skill level 15 in Invocations
  1253 | D        | Killed an orange demon
  1259 | D        | Noticed a smoke demon
  1270 | D        | Killed a smoke demon
  1271 | D        | Reached skill level 5 in Dodging
  1298 | D        | Noticed an eidolon
  1299 | D        | Killed from afar by an eidolon

Illustrated notes

Levels and vault maps discovered:
D:        pitsprint [storerooms_1, entrance_room_1, metal_vault_8, armoury_2,
          mini_pit_1, grid_room_1, main_hall_1, silver_pit, the_coven_2,
          the_vestibule_1, steel_vault_4, golden_pit, hallway_of_sentries,
          crystal_vault_4, iron_vault_5, final_vault]

Skill      XL: |  1  2  3  4  5  6  7  8  9 10 |
---------------+-------------------------------+-----
Fighting       | 4 5 6 7 8 10 12 | 12.0
Axes           | 3 4 5 6 7 9 10 14 16 | 16.0
Dodging        | 1 2 3 4 7 |  7.5
Armour         | 4 5 6 7 9 10 12 | 12.0
Shields        | 4 5 6 7 8 |  8.0
Invocations    | 3 4 6 8 10 12 16 | 16.0

Action                   |  1- 3 |  4- 6 |  7- 9 | 10-12 || total
-------------------------+-------+-------+-------+-------++-------
Melee: War axe           |    26 |     5 |    37 |    25 ||    93
       Hand axe          |       |    30 |   110 |       ||   140
Invok: Draw Destruction  |       |       |     4 |     3 ||     7
       Draw Summoning    |       |       |     1 |     1 ||     2
       Triple Draw       |       |       |       |     1 ||     1
  Use: Scroll            |       |     1 |       |       ||     1
       Potion            |       |     1 |     2 |       ||     3
 Stab: Petrified         |       |       |     4 |       ||     4
       Petrifying        |       |       |     1 |       ||     1
Armor: Scale mail        |    10 |     1 |       |       ||    11
       Plate armour      |       |    14 |    72 |    22 ||   108
Dodge: Dodged            |    14 |    11 |    52 |    15 ||    92
Block: Buckler           |     7 |    14 |    45 |     9 ||    75

Table legend: (Time is in decaauts)
 A = Elapsed time spent in this place.
 B = Non-inter-level travel time spent in this place.
 C = Inter-level travel time spent in this place.
 D = Time resting spent in this place.
 E = Time spent auto-exploring this place.
 F = Levels seen in this place.
 G = Mean time per level.
                   A        B        C        D        E       F      G
               +--------+--------+--------+--------+--------+-----+--------+
         Total |   1305 |   1305 |      0 |     84 |    768 |   1 | 1305.0 |
       Dungeon |   1305 |   1305 |      0 |     84 |    768 |   1 | 1305.0 |
               +--------+--------+--------+--------+--------+-----+--------+

Top non-repeatable levels by time:
       D: 1305 daAuts
